Map: 瑟拉斯废墟

Players

Inkrusion - Winner!

  • Race: Protoss Protoss
  • League: Master

Abyss

  • Race: Zerg Zerg
  • League: Diamond

VOD

Have the link to the VOD?

Description

Time

  • Played on: Jan. 28, 2016, 10:16 a.m.
  • Length: 11:27
Show
View Real Time Build Order
Export as new Build Order

Inkrusion Protoss - Winner!

Build Orders:  

Get SALT Encoding   

  12  0:01  Probe (Chrono Boost)  
  13  0:11  Probe (Chrono Boost)  
  14  0:18  Pylon  
  14  0:23  Probe (Chrono Boost)  
  15  0:37  Probe (Chrono Boost)  
  16  0:47  Probe (Chrono Boost)  
  17  1:07  Nexus  
  17  1:16  Gateway  
  17  1:18  Probe (Chrono Boost)  
  18  1:24  Assimilator  
  18  1:28  Probe (Chrono Boost)  
  19  1:35  Assimilator  
  19  1:39  Probe (Chrono Boost)  
  20  1:49  Gateway  
  20  1:55  Probe (Chrono Boost)  
  21  2:04  Cybernetics Core  
  21  2:10  Probe (Chrono Boost)  
  22  2:19  Probe (Chrono Boost)  
  23  2:24  Probe (Chrono Boost)  
  23  2:29  Probe (Chrono Boost)  
  25  2:34  Probe (Chrono Boost)  
  26  2:40  Probe (Chrono Boost)  
  26  2:41  Warp Gate  
  29  2:44  Adept (Chrono Boost)  
  29  2:47  Adept (Chrono Boost)  
  31  2:56  Twilight Council  
  31  2:59  Probe (Chrono Boost)  
  31  3:04  Mothership Core (Chrono Boost)  
  34  3:10  Pylon  
  34  3:16  Probe (Chrono Boost)  
  35  3:22  Adept  
  35  3:23  Pylon  
  37  3:28  Adept  
  37  3:29  Probe (Chrono Boost)  
  40  3:34  Resonating Glaives (Chrono Boost)  
  40  3:38  Probe  
  41  3:43  Probe  
  42  3:49  Probe  
  42  3:51  Pylon  
  43  3:59  Probe  
  44  4:02  Probe  
  45  4:10  Robotics Facility  
  45  4:11  Probe  
  45  4:13  Probe  
  47  4:19  Pylon  
  47  4:23  Probe  
  47  4:24  Probe  
  48  4:27  Adept x2  
  53  4:36  Probe  
  50  4:39  Gateway  
  50  4:42  Gateway  
  50  4:48  Nexus  
  50  4:57  Warp Prism (Chrono Boost)  
  52  5:05  Gateway  
  52  5:07  Pylon  
  52  5:09  Gateway  
  52  5:24  Adept x2  
  52  5:28  Nexus  
  56  5:35  Probe x2  
  58  5:38  Immortal (Chrono Boost)  
  62  5:48  Stargate  
  62  5:50  Forge  
  62  5:51  Adept  
  62  5:52  Adept x3  
  70  6:06  Gateway  
  70  6:22  Adept x2  
  70  6:23  Adept  
  68  6:30  Charge  
  66  6:39  Adept  
  68  6:40  Adept x2  
  68  6:43  Protoss Ground Weapons Level 1 (Chrono Boost)  
  72  6:57  Adept x2  
  72  6:58  Probe x2  
  72  7:01  Immortal (Chrono Boost)  
  82  7:02  Probe  
  82  7:04  Gateway  
  82  7:07  Gateway  
  81  7:09  Assimilator  
  81  7:10  Probe  
  81  7:11  Pylon  
  81  7:13  Assimilator  
  68  7:31  Adept x3  
  68  7:32  Adept  
  68  7:38  Probe  
  68  7:40  Probe x2  
  71  7:49  Probe  
  72  7:52  Probe  
  72  7:56  Adept x3  
  79  7:59  Zealot x2  
  79  8:00  Zealot x3  
  89  8:06  Immortal  
  89  8:10  Zealot  
  93  8:16  Probe  
  93  8:17  Probe x2  
  96  8:27  Probe  
  96  8:28  Zealot x2  
  96  8:33  Pylon  
  101  8:36  Pylon  
  101  8:38  Templar Archives  
  101  8:43  Pylon  
  101  8:46  Immortal  
  105  9:06  Zealot x7  
  105  9:07  Zealot x2  
  117  9:11  Protoss Ground Weapons Level 2 (Chrono Boost)  
  117  9:14  Probe  
  117  9:15  Probe x2  
  120  9:24  Probe  
  120  9:25  Immortal  
  125  9:39  Pylon x2  
  125  9:40  Pylon x2  
  125  9:43  Pylon  
  125  9:44  Gateway  
  125  9:45  Gateway  
  113  9:57  High Templar x5  
  119  10:00  Zealot x3  
  119  10:01  Archon  
  119  10:02  Archon  
  119  10:05  Probe, High Templar  
  128  10:07  Probe x2  
  128  10:10  Immortal  
  128  10:12  Archon  
  134  10:23  Probe  
  134  10:28  Nexus  
  135  10:30  Adept x3  
  119  10:47  Adept x5  
  129  10:55  Assimilator  
  129  10:56  Zealot x2  
  129  10:57  Assimilator  
  135  11:12  Zealot x5  
  135  11:13  Zealot x2  
Show
View Real Time Build Order
Export as new Build Order

Abyss Zerg 

Build Orders: 3 Hatch before Pool 

Get SALT Encoding   

  12  0:01  Drone  
  13  0:13  Overlord  
  13  0:18  Drone  
  13  0:21  Extractor  
  13  0:24  Drone  
  15  0:32  Drone  
  16  0:38  Drone  
  17  0:45  Drone  
  18  0:59  Hatchery  
  17  1:06  Drone  
  17  1:07  Extractor  
  17  1:18  Drone x2  
  19  1:49  Hatchery  
  19  1:51  Spawning Pool  
  17  2:07  Drone x3  
  20  2:24  Drone  
  20  2:25  Drone  
  22  2:37  Metabolic Boost  
  22  2:38  Queen  
  22  2:40  Queen  
  22  2:42  Zergling x2  
  27  2:45  Zergling x2  
  28  2:54  Overlord  
  28  3:03  Drone x5  
  33  3:10  Drone  
  34  3:15  Drone x2  
  36  3:23  Drone x3  
  39  3:27  Overlord  
  39  3:39  Roach Warren, Drone x2  
  39  3:40  Drone  
  41  3:44  Overlord  
  41  3:45  Extractor  
  39  3:59  Zergling x2  
  39  4:00  Zergling x14  
  47  4:09  Drone x3  
  50  4:17  Lair  
  49  4:36  Drone x3  
  49  4:37  Drone x4  
  49  4:38  Drone x3  
  57  4:45  Spore Crawler  
  56  4:46  Evolution Chamber, Queen  
  56  4:48  Spore Crawler  
  56  4:50  Drone x2, Extractor  
  57  5:04  Overlord x2  
  54  5:25  Drone  
  54  5:26  Drone x12  
  67  5:32  Zerg Missile Weapons Level 1  
  67  5:35  Hydralisk Den  
  66  5:38  Spore Crawler  
  64  5:46  Roach x4  
  72  5:53  Roach x2  
  74  5:59  Overlord x2  
  72  6:12  Zergling x2  
  67  6:33  Extractor  
  67  6:37  Roach x4  
  67  6:38  Roach x4  
  82  6:40  Hydralisk x2  
  82  6:41  Hydralisk  
  76  6:55  Hydralisk x6  
  82  7:09  Hydralisk x2  
  82  7:10  Hydralisk x2  
  76  7:37  Hydralisk  
  78  7:51  Queen  
  78  7:53  Queen x2  
  84  8:06  Hydralisk x2  
  84  8:08  Overlord x5  
  84  8:20  Drone x2  
  84  8:21  Drone x3  
  84  8:25  Extractor  
  84  8:26  Extractor  
  87  8:38  Hydralisk x3  
  93  8:51  Hydralisk  
  93  8:52  Hydralisk x3  
  96  9:12  Drone x6  
  96  9:13  Drone  
  103  9:19  Queen  
  103  9:20  Lurker Den  
  103  9:22  Drone  
  103  9:23  Drone x5  
  111  9:34  Drone x3  
  111  9:35  Drone  
  97  9:57  Roach x8  
  99  10:07  Roach x3  
  105  10:12  Hydralisk  
  107  10:20  Ravager  
  107  10:21  Ravager x4  
  112  10:23  Roach x3  
  80  10:46  Roach x8  
  80  10:47  Roach x3  
  84  11:02  Roach  
  84  11:03  Roach x2  
  79  11:14  Drone x3  
Tags
 
Add a new tag
Caveats
  • Supply blocks, unpowered buildings, or Contaminate may cause inaccurate times.
  • Supply counts are checked every 10 seconds.